 Dungeon Crawl Stone Soup version 0.27-a0-498-g7ecbb0a48f (webtiles) character file.

Game seed: 15593639102442527654

220 BattleRest the Skirmisher (level 5, 0/40 (48) HPs)
             Began as a Hill Orc Fighter on Mar 3, 2021.
             Slain by a wight
             ... wielding a +2 great sword
              (3 damage)
             ... on level 2 of the Dungeon.
             The game lasted 00:04:58 (2313 turns).

BattleRest the Skirmisher (Hill Orc Fighter)        Turns: 2313, Time: 00:04:59

HP:   0/40 (48)     AC:  7    Str: 20    XL:     5   Next: 97%
MP:   5/5           EV:  7    Int:  8    God:
Gold: 34            SH:  9    Dex: 10    Spells: 4/4 levels left

rFire    . . .     SeeInvis .   a - +0 war axe
rCold    + . .     Faith    .   c - +0 kite shield
rNeg     . . .     Spirit   .   b - +0 scale mail
rPois    .         Reflect  .   (no helmet)
rElec    .         Harm     .   (no cloak)
rCorr    .         Rampage  .   (no gloves)
Will     .....                  (no boots)
Stlth    ..........             (no amulet)
HPRegen  0.13/turn              g - ring of protection from cold
MPRegen  0.09/turn              (no ring)

@: heavily drained
A: no striking features
a: no special abilities


You were on level 2 of the Dungeon.
You visited 1 branch of the dungeon, and saw 3 of its levels.

You collected 34 gold pieces.

Inventory:

Hand Weapons
 a - a +0 war axe (weapon)
Armour
 b - a +0 scale mail (worn)
 c - a +0 kite shield (worn)
Jewellery
 g - a ring of protection from cold (left hand)
 k - an amulet of magic regeneration
 l - a +6 ring of intelligence
Scrolls
 d - a scroll of enchant armour {unknown}
 e - a scroll of random uselessness {unknown}
 f - 2 scrolls of magic mapping {unknown}
 i - 2 scrolls of teleportation {unknown}
 j - a scroll of noise {unknown}
 m - a scroll of blinking {unknown}
Potions
 h - 2 potions of haste {unknown}


   Skills:
 + Level 5.0 Fighting
 + Level 4.5 Axes
 + Level 4.5 Armour
 + Level 4.5 Shields


You had 4 spell levels left.
You didn't know any spells.
Your spell library was empty.

Dungeon Overview and Level Annotations

Branches:
Dungeon (3/15)

Altars:

Annotations:
D:2 1 runed translucent door, Crazy Yiuf


Message History

The wight is moderately damaged.
You block the wight's attack. The wight hits you but does no damage.
You closely miss the wight.
The wight is moderately damaged.
The wight closely misses you.
You slash the wight!
The wight is severely damaged.
You block the wight's attack. The wight hits you but does no damage.
You slash the wight!
You destroy the wight!
The wight hits you with a +2 great sword.
Your Fighting skill increases to level 5!
You closely miss the wight.
The wight is lightly damaged.
The wight hits you with a +2 great sword!
* * * LOW HITPOINT WARNING * * *
You closely miss the wight.
The wight is lightly damaged.
You block the wight's attack.
There is a stone staircase leading down, spattered with blood here.
Items here: )) [[.
You closely miss the wight. You block the wight's attack.
The wight hits you with a +2 great sword.
* * * LOW HITPOINT WARNING * * *
Your scale mail prevents you from hitting the wight.
You block the wight's attack.
You barely miss the wight.
The wight hits you with a +2 great sword!
* * * LOW HITPOINT WARNING * * *
You feel drained.
* * * LOW HITPOINT WARNING * * *
You block the wight's attack.
The wight hits you with a +2 great sword.
* * * LOW HITPOINT WARNING * * *
You feel drained.
* * * LOW HITPOINT WARNING * * *
The wight hits you with a +2 great sword!
* * * LOW HITPOINT WARNING * * *
You feel drained.
You die...

#.#...# #.####.# #.
#<#...# #...##.# #.
#.#...# ###.##.# #.
#.#...# #.##.# #.
####.#...######.##.### #.
#....#.............#.####.
#.####.#........###.>)....
#.# #>#..##########.####.
#.# #.#.@# #.......#. #.#
#.#.z# #.......#. #.#
#.#..#######........( #.#
#.#.................. #.#
#.##.#######.......## #.#
#.##.#######.......# #.#
#.##.##............# #.#
#.##...............# #.#
#...............)..#


You could see a wight.

Vanquished Creatures
  2 wights (D:2)
  Jessica (D:2)
  Robin (D:2)
  4 adders (D:2)
  4 dart slugs
  A leopard gecko (D:1)
  2 giant cockroaches
  10 goblins
  10 hobgoblins
  4 jackals (D:2)
  2 quokkas (D:2)
  6 bats
  A frilled lizard (D:2)
  6 kobolds
  3 rats
57 creatures vanquished.

Notes
Turn   | Place    | Note
-------+----------+-------------------------------------------
     0 | D:1      | BattleRest the Hill Orc Fighter began the quest for the
                  | Orb.
     0 | D:1      | Reached XP level 1. HP: 19/19 MP: 1/1
   263 | D:1      | Reached XP level 2. HP: 27/27 MP: 2/2
   436 | D:1      | Reached skill level 4 in Fighting
   504 | D:1      | Reached XP level 3. HP: 33/33 MP: 3/3
   698 | D:2      | Found a runed translucent door.
   699 | D:2      | Noticed Crazy Yiuf
   729 | D:2      | Noticed Robin
   742 | D:2      | Killed Robin
   752 | D:2      | Reached XP level 4. HP: 27/41 MP: 1/4
  1106 | D:2      | Noticed Jessica
  1113 | D:2      | Killed Jessica
  1114 | D:2      | Reached XP level 5. HP: 45/47 MP: 5/5
  2120 | D:2      | Reached skill level 5 in Fighting
  2182 | D:2      | HP: 1/44 [wight/+2 great sword (2)]
  2313 | D:2      | Slain by a wight

Illustrated notes

Levels and vault maps discovered:
D:1:      dpeg_arrival_court, layout_rooms
D:2:      layout_loops_ring, uniq_crazy_yiuf_cottage, uniq_robin, uniq_jessica
D:3:      layout_basic, old_standard_altar, chequers_ecumenical_altar_grove,
          makhleb_heckhound_becter

Skill      XL: |  1  2  3  4  5 |
---------------+----------------+-----
Axes           | 3 4 |  4.5
Fighting       | 4 5 |  5.0
Armour         | 4 |  4.5
Shields        | 4 |  4.5

Action                   |  1- 3 |  4- 6 || total
-------------------------+-------+-------++-------
Melee: War axe           |    88 |    96 ||   184
  Use: Potion            |     1 |       ||     1
Armor: Scale mail        |    54 |    52 ||   106
Dodge: Dodged            |    30 |    46 ||    76
Block: Kite shield       |    55 |    63 ||   118

Table legend: (Time is in decaauts)
 A = Elapsed time spent in this place.
 B = Non-inter-level travel time spent in this place.
 C = Inter-level travel time spent in this place.
 D = Time resting spent in this place.
 E = Time spent auto-exploring this place.
 F = Levels seen in this place.
 G = Mean time per level.
                   A        B        C        D        E       F      G
               +--------+--------+--------+--------+--------+-----+--------+
         Total |   2414 |   2306 |    108 |    510 |   1167 |   3 |  804.7 |
       Dungeon |   2414 |   2306 |    108 |    510 |   1167 |   3 |  804.7 |
               +--------+--------+--------+--------+--------+-----+--------+

Top non-repeatable levels by time:
     D:2: 1752 daAuts
     D:1: 657 daAuts
     D:3: 4 daAuts
